[Event "125-Jahre Werder Bremen 2024"]
[Site "Bremen"]
[Date "2024.03.10"]
[Round "9.4"]
[White "Cheng, Bobby"]
[Black "Schneider, Jana"]
[Result "1/2-1/2"]
[ECO "D40"]
[WhiteElo "2584"]
[BlackElo "2303"]
[Annotator "TA"]
[PlyCount "52"]
[EventDate "2024.02.26"]
[EventType "swiss"]
[EventCountry "GER"]
[SourceTitle "playchess.com"]
[Source "ChessBase"]
[SourceQuality "1"]
[TimeControl "40/6000+30:1800+30"]

1. Nf3 d5 2. e3 Nf6 3. c4 e6 4. Nc3 c5 5. d4 Nc6 6. a3 a6 7. dxc5 Bxc5 8. b4 Ba7 9. Bb2 O-O 10. Qc2 Qe7 11. Rd1 Rd8 12. Be2 dxc4 13. Rxd8+ Nxd8 14. Bxc4 b5 15. Ba2 Bb7 16. O-O {[%emt 0:01:12] The position is equal.} Rc8 17. Bb1 Bb8 18. Rd1 Qc7 19. Qd3 (19. Ne2 $11 {remains equal.}) 19... Bxf3 $17 20. gxf3 Qxh2+ 21. Kf1 {[%emt 0:00:02] Threatens to win with Qxd8+.} Nc6 22. Ne4 {[%emt 0:03:35] [#]} (22. Qd2 $17) 22... Nd5 $1 $19 {[%emt 0:03:45] Hoping for ...Be5.} 23. Rc1 $2 {[%emt 0:02:10][%mdl 8192] [#]} (23. Ba2 $17 {was the crucial defense.} Rd8 24. Bxd5 Rxd5 25. Qc2 Rxd1+ 26. Qxd1 Qh1+ 27. Ke2 Qxd1+ 28. Kxd1) 23... Bf4 $2 (23... Be5 $1 $19 {[%mdl 512] has better winning chances.} 24. Nc3 Qh3+ 25. Ke1 Bxc3+ (25... Qxf3 $2 {perishes.} 26. Qxh7+ Kf8 27. Nxd5 $18) 26. Rxc3 Nxc3 27. Qxc3 e5 (27... Qxf3 28. Qxg7#)) 24. Nd2 {[%emt 0:20:13] [#]} (24. Rc5 $17 {keeps fighting.}) 24... g6 $1 {[%emt 0:05:39] White must now prevent ...Be5. Black is clearly better.} 25. Ke1 Be5 26. Bxe5 Qxe5 {[%emt 0:00:17] Weighted Error Value: White=0.58/Black=0.38.  Loses game:     	White=1     	---        Missed win:     	---       	Black=1      Mistake:       	White=3     	---        OK:         	White=4     	Black=8      Best:        	---       	Black=1      Strong:       	---       	Black=1} 1/2-1/2

[Event "125-Jahre Werder Bremen 2024"]
[Site "Bremen"]
[Date "2024.03.10"]
[Round "9.5"]
[White "Colbow, Collin"]
[Black "Kopylov, Daniel"]
[Result "1-0"]
[ECO "C42"]
[WhiteElo "2373"]
[BlackElo "2346"]
[Annotator "TA"]
[PlyCount "141"]
[EventDate "2024.02.26"]
[EventType "swiss"]
[EventCountry "GER"]
[SourceTitle "playchess.com"]
[Source "ChessBase"]
[SourceQuality "1"]
[TimeControl "40/6000+30:1800+30"]

1. e4 e5 2. Nf3 Nf6 3. Nxe5 d6 4. Nf3 Nxe4 5. Bd3 Nf6 6. O-O Be7 7. h3 O-O 8. c3 b6 9. Bc2 Bb7 10. d4 Nbd7 11. Bf4 Re8 12. Nbd2 Bf8 13. Re1 Rxe1+ 14. Qxe1 Qe7 15. Qf1 Re8 16. c4 g6 17. d5 Bg7 18. Re1 Qf8 19. Be3 a5 20. Nd4 Ba6 21. Ba4 Re7 22. Bb5 Bxb5 23. Nxb5 Nc5 24. a3 ({Better is} 24. Nf3 $16) 24... Nfe4 25. b4 Na6 (25... Nxd2 $11 26. Bxd2 axb4) 26. Nxe4 $16 Rxe4 27. bxa5 bxa5 28. Bd2 Rxe1 29. Qxe1 a4 30. Ba5 ({White should try} 30. Be3 $16 {Hoping for Qa5.} Qc8 31. Qa5) 30... Be5 $11 31. g3 (31. Nxc7 Nxc7 32. Bxc7 Qc8 $15) 31... Qc8 32. Kg2 Qa8 33. f4 Bb2 34. Qe2 Bg7 $1 35. Nxc7 (35. Bxc7 $14 Nxc7 36. Nxc7) 35... Nxc7 $11 36. Bxc7 Bf8 $1 37. Bb6 Qb7 38. Ba5 Qb1 39. Bb4 h5 40. h4 Kh7 41. Kh2 Kg8 42. Kg2 Kh7 43. Kf2 Kg8 44. Qd2 Qe4 45. Bc3 Qxc4 $2 (45... Qh1 $11) 46. Qd4 $18 Qc5 {[%emt 0:00:54] [#]} 47. Ke2 $1 Qb5+ 48. Ke3 Qc5 $2 (48... Qb3 49. Qh8#) (48... f6) 49. Qxc5 $18 dxc5 {[%emt 0:00:01] [#]} 50. Kd3 $1 f5 51. Kc4 Kf7 52. Be1 Ke7 53. Bf2 ({Worse is} 53. Kxc5 Kd7+ 54. Kb5 Bxa3 55. Kxa4 Bc5 $11) 53... Kd7 54. Bxc5 Bg7 55. Bd4 (55. Kb4 $142 Bb2 56. Kxa4 Bc3 57. Kb5 Be1 58. a4 Bxg3 59. a5 Bxh4 60. d6 (60. a6 Kc7 $18)) 55... Bf8 $18 56. Bc5 (56. Bb2 $142) 56... Bg7 $1 $18 57. Kb4 Kc7 58. Kxa4 Bc3 59. Bf2 (59. Kb5 $142 Be1 60. d6+ Kb7 61. Bb6 Bxg3 62. d7 Bxh4 63. d8=Q (63. d8=R Bxd8 64. Bxd8 g5 $18) 63... Bxd8 64. Bxd8) 59... Kd6 60. Kb3 Ba5 61. Kc4 Bd2 62. a4 Ba5 63. Kb5 Bd2 64. a5 Bxa5 65. Kxa5 Kxd5 66. Kb5 Ke4 67. Kc6 Kf3 68. Be1 Ke2 69. Bc3 Kf3 70. Bf6 Kxg3 71. Bg5 1-0

[Event "125-Jahre Werder Bremen 2024"]
[Site "Bremen"]
[Date "2024.03.10"]
[Round "9.6"]
[White "Pajeken, Jakob Leon"]
[Black "Krastev, Alexander"]
[Result "1/2-1/2"]
[ECO "B67"]
[WhiteElo "2424"]
[BlackElo "2457"]
[Annotator "ChessBase"]
[PlyCount "69"]
[EventDate "2024.02.26"]
[EventType "swiss"]
[EventCountry "GER"]
[SourceTitle "playchess.com"]
[Source "ChessBase"]
[SourceQuality "1"]
[TimeControl "40/6000+30:1800+30"]

1. e4 c5 2. Nf3 d6 3. d4 cxd4 4. Nxd4 Nf6 5. Nc3 Nc6 6. Bg5 e6 7. Qd2 a6 8. O-O-O Bd7 9. Nxc6 Bxc6 10. f3 Be7 11. Kb1 h6 12. Be3 d5 13. e5 Nd7 14. f4 h5 15. Bd3 Qc7 16. Ne2 O-O-O 17. Nd4 Kb8 18. f5 Nxe5 19. fxe6 f6 20. Bf4 g5 21. Bg3 h4 22. Bf2 Ka8 23. Rhe1 Bc5 24. Qc3 Ba7 25. Nxc6 Qxc6 26. Qxc6 bxc6 27. Rf1 Rh6 28. Bxa6 Re8 29. Rde1 Bxf2 30. Rxf2 Ka7 31. Bd3 Rxe6 32. Bf5 Rd6 33. c3 Rh8 34. Kc2 c5 35. b3 1/2-1/2

[Event "125-Jahre Werder Bremen 2024"]
[Site "Bremen"]
[Date "2024.03.10"]
[Round "9.7"]
[White "Gloeckler, Christian"]
[Black "Hejazipour, Mitra"]
[Result "1/2-1/2"]
[ECO "A29"]
[WhiteElo "2356"]
[BlackElo "2356"]
[Annotator "TA"]
[PlyCount "41"]
[EventDate "2024.02.26"]
[EventType "swiss"]
[EventCountry "GER"]
[SourceTitle "playchess.com"]
[Source "ChessBase"]
[SourceQuality "1"]
[TimeControl "40/6000+30:1800+30"]

1. c4 e5 2. Nc3 Nf6 3. g3 d5 4. cxd5 Nxd5 5. Bg2 Nb6 6. Nf3 Nc6 7. O-O Be7 8. a3 O-O 9. d3 Be6 10. Be3 Nd5 11. Nxd5 Bxd5 12. Qa4 Bf6 {[%emt 0:02:40] Die Stellung ist ausgeglichen.} 13. Nd2 Nd4 14. Bxd4 {[%emt 0:02:52] [#] Droht Bc3 und aus.} Bxg2 15. Kxg2 exd4 16. Rac1 Bg5 17. f4 Bf6 {[%emt 0:06:06] Schwarz ist schwach auf den weissen Feldern} 18. Qb5 Qe7 19. Ne4 ({Natürlich nicht} 19. Qxb7 $6 Qxe2+ 20. Rf2 Qxd3 $15) 19... c6 20. Qf5 {[%emt 0:03:31] Weiß steht aktiver.} Rad8 21. Nxf6+ {[%emt 0:08:18] Gewichteter Fehlerwert: Weiß=0.05 (makellos) /Schwarz=0.08 (makellos) .  Ungenau:       	Weiß=1     	Schwarz=2     OK:         	Weiß=3     	Schwarz=4     Bester:       	Weiß=1     	---} 1/2-1/2

[Event "125-Jahre Werder Bremen 2024"]
[Site "Bremen"]
[Date "2024.03.10"]
[Round "9.8"]
[White "Meins, Gerlef"]
[Black "Kopylov, Michael"]
[Result "1/2-1/2"]
[ECO "E18"]
[WhiteElo "2390"]
[BlackElo "2352"]
[Annotator "TA"]
[PlyCount "40"]
[EventDate "2024.02.26"]
[EventType "swiss"]
[EventCountry "GER"]
[SourceTitle "playchess.com"]
[Source "ChessBase"]
[SourceQuality "1"]
[TimeControl "40/6000+30:1800+30"]

1. d4 Nf6 2. c4 e6 3. Nf3 b6 4. g3 Bb7 5. Bg2 Be7 6. O-O O-O 7. Nc3 Ne4 8. Bd2 Bf6 9. Rc1 d6 10. Qc2 Nxd2 11. Qxd2 Nd7 12. Rfd1 g6 13. e3 Bg7 14. Qe2 {[%emt 0:05:53] Die Stellung ist ausgeglichen.} Qe7 15. b3 Nf6 16. Ne1 Bxg2 17. Nxg2 c6 18. e4 e5 19. dxe5 dxe5 20. Ne3 Bh6 {[%emt 0:02:54] Hier war wenig los.   Gewichteter Fehlerwert: Weiß=0.12 (sehr präzise) /Schwarz=0.07 (makellos) .  Ungenau:       	Weiß=1     	Schwarz=1     OK:         	Weiß=1     	Schwarz=2} 1/2-1/2

[Event "125-Jahre Werder Bremen 2024"]
[Site "Bremen"]
[Date "2024.03.10"]
[Round "9.9"]
[White "Reuker, Jari"]
[Black "Knaak, Rainer"]
[Result "0-1"]
[ECO "D30"]
[WhiteElo "2383"]
[BlackElo "2450"]
[Annotator "RC"]
[PlyCount "114"]
[EventDate "2024.02.26"]
[EventType "swiss"]
[EventCountry "GER"]
[SourceTitle "playchess.com"]
[Source "ChessBase"]
[SourceQuality "1"]
[TimeControl "40/6000+30:1800+30"]

1. d4 d5 2. c4 e6 3. Nf3 c6 4. g3 dxc4 5. Bg2 b5 6. O-O Nd7 7. a4 Bb7 8. b3 cxb3 9. Nbd2 Ngf6 10. Nxb3 a5 11. Ne5 Nxe5 12. dxe5 Nd5 13. Bxd5 Qxd5 14. Qxd5 cxd5 15. axb5 a4 16. Nd4 Bc5 17. e3 Kd7 18. Ba3 Rhc8 19. Bxc5 Rxc5 20. Rfc1 Rc4 21. Kf1 Rac8 22. Rcb1 Kc7 23. b6+ Kb8 24. Nb5 Ba6 25. Nd6 Rc1+ 26. Kg2 Rxb1 27. Rxb1 Rc6 28. Nxf7 Bd3 29. Rb2 a3 30. Rb3 a2 31. Ra3 Bb1 32. b7 Rc3 33. Ra4 Kxb7 34. Nd8+ Kb6 35. Nxe6 Kb5 36. Ra7 Kb4 37. Rb7+ Ka3 38. Nd4 a1=Q 39. Ra7+ Kb2 40. Rxa1 Kxa1 41. e6 Rc8 42. g4 Kb2 43. f4 Kc3 44. f5 Kc4 45. Kg3 Kc5 46. Kf4 Kd6 47. Nb5+ Ke7 48. Ke5 Rc5 49. Nd4 Rc3 50. Kf4 g6 51. Nb5 Rc4+ 52. Kg5 gxf5 53. gxf5 Rc8 54. Nd4 Rg8+ 55. Kh6 Kf6 56. Kxh7 Rg4 57. h3 Rxd4 0-1

[Event "125-Jahre Werder Bremen 2024"]
[Site "Bremen"]
[Date "2024.03.10"]
[Round "9.10"]
[White "Breutigam, Martin"]
[Black "Wiegmann, Sascha"]
[Result "1/2-1/2"]
[ECO "D05"]
[WhiteElo "2359"]
[BlackElo "2297"]
[Annotator "TA"]
[PlyCount "116"]
[EventDate "2024.02.26"]
[EventType "swiss"]
[EventCountry "GER"]
[SourceTitle "playchess.com"]
[Source "ChessBase"]
[SourceQuality "1"]
[TimeControl "40/6000+30:1800+30"]

1. d4 d5 2. Nf3 Nf6 3. e3 e6 4. Bd3 c5 5. c3 Nc6 6. Nbd2 Bd6 7. O-O O-O 8. dxc5 Bxc5 9. b4 Bd6 10. Bb2 Ne5 11. Nxe5 Bxe5 12. f4 Bd6 13. e4 dxe4 14. Nxe4 Nxe4 15. Bxe4 Be7 (15... Qc7 $142) 16. Qc2 h6 17. Kh1 Bf6 18. c4 Bxb2 19. Qxb2 f5 (19... Qc7 $11) 20. Bf3 $16 {[%emt 0:23:06] White has more active pieces.} Qc7 21. Rac1 Rb8 22. Qd4 ({White should play} 22. c5 $16) 22... b6 $14 23. c5 Rd8 {[%emt 0:07:08][%cal Bf8d8,Bd8d3,Bd3a3,Ba3c3][%mdl 32] Wards off c6} 24. Qe3 bxc5 25. bxc5 Rb2 (25... Rb4 $5) 26. a3 Kh7 27. h3 Rbd2 $1 28. c6 R8d3 {[%emt 0:03:03] Prevents Rc3.} 29. Qe5 Qxe5 30. fxe5 Rxa3 31. Rfd1 Rxd1+ 32. Rxd1 $11 {[%emt 0:00:47][%mdl 4096] Endgame. KRB-KRB} Rc3 33. Rd8 {[%emt 0:03:40] Repels a5} Ba6 34. Rd7 Bb5 35. Rxa7 {[%emt 0:01:05] The position is equal.} Bxc6 36. Rc7 $1 Rxf3 $1 37. gxf3 Bxf3+ {[%emt 0:00:02] KR-KB} 38. Kg1 f4 39. Rf7 Be4 40. Rxf4 Bf5 41. Kh2 g5 42. Rb4 Kg6 43. Kg3 h5 44. h4 {[%emt 0:00:00] [#] Rb8 is the strong threat.} Bg4 45. Rb8 {[%emt 0:00:00] aiming for Rf8.} gxh4+ 46. Kxh4 {[%emt 0:00:00] Rf8 would now be deadly.} Kf5 47. Rb5 Kf4 48. Ra5 Bf3 49. Kh3 Kf5 ({Inferior is} 49... Bd5 50. Rxd5 Kf5 51. Rb5 Kg5 52. Kg3 h4+ 53. Kh3 Kf4 54. Kxh4) 50. Kg3 Bd5 51. Ra7 Kxe5 52. Rh7 Kd4 53. Rxh5 e5 54. Kf2 e4 55. Rh3 Bc4 56. Ra3 Bb5 57. Rb3 Bc4 58. Ra3 Bb5 {[%emt 0:00:02] Weighted Error Value: White=0.05 (flawless) /Black=0.08 (flawless) .  Mistake:       	White=1     	Black=2      Inaccurate:     	White=2     	Black=1      OK:         	White=18    	Black=27     Best:        	White=2     	Black=6      Strong:       	White=1     	Black=2} 1/2-1/2

[Event "125-Jahre Werder Bremen 2024"]
[Site "Bremen"]
[Date "2024.03.10"]
[Round "9.11"]
[White "Wachinger, Nikolas"]
[Black "Guichard, Pauline"]
[Result "1-0"]
[ECO "A29"]
[WhiteElo "2442"]
[BlackElo "2385"]
[Annotator "ChessBase"]
[PlyCount "69"]
[EventDate "2024.02.26"]
[EventType "swiss"]
[EventCountry "GER"]
[SourceTitle "playchess.com"]
[Source "ChessBase"]
[SourceQuality "1"]
[TimeControl "40/6000+30:1800+30"]

1. c4 Nf6 2. Nc3 e5 3. Nf3 Nc6 4. g3 d5 5. cxd5 Nxd5 6. Bg2 Nb6 7. O-O Be7 8. b3 O-O 9. Bb2 Re8 10. Rc1 Bf8 11. Ne4 Nd4 12. Nxd4 exd4 13. e3 Bf5 14. Nc5 Bxc5 15. Rxc5 Bd3 16. Re1 dxe3 17. dxe3 c6 18. Qg4 Bg6 19. h4 Qd6 20. Rec1 Nd7 21. Ra5 Nf6 22. Qd4 Qxd4 23. Bxd4 a6 24. g4 Be4 25. f3 Bd5 26. e4 Be6 27. Kf2 Nd7 28. b4 f6 29. g5 Rad8 30. Bf1 Nf8 31. Bc3 Nd7 32. Be2 Bf7 33. Rg1 Kh8 34. gxf6 gxf6 35. Rf5 1-0